[Event "94th Tradewise Hastings Congress"]
[Site "Hastings"]
[Date "2019.01.01"]
[Round "5"]
[White "Larsen, Andreas"]
[Black "Willson, Ollie"]
[Result "1/2-1/2"]
[ECO "B20"]
[WhiteElo "1933"]
[BlackElo "2081"]
[Annotator "NA RC"]
[PlyCount "95"]
[EventDate "2018.12.28"]
[EventType "swiss"]
[EventCountry "ENG"]
[SourceTitle "playchess.com"]
[Source "ChessBase"]
[SourceQuality "1"]
[TimeControl "40/6000+30:3000+30"]

1. e4 c5 2. b4 cxb4 3. a3 e6 4. axb4 Bxb4 5. c3 Be7 6. d4 Nf6 7. Bd3 Nc6 8. Nf3 d6 9. Na3 {[%emt 0:03:36] B20: Sicilian: Unusual White 2nd moves} (9. O-O e5 10. Nbd2 O-O 11. h3 b6 12. Re1 Bb7 13. Nc4 Re8 14. Ne3 Bf8 15. Nf5 exd4 16. cxd4 Nb4 {1-0 (34) Dimitrov,P (2304)-Spasov,V (2581) Sunny Beach 2012}) 9... O-O 10. Nc4 $146 ({Predecessor:} 10. O-O e5 11. d5 Na5 12. c4 b6 13. c5 bxc5 14. Bd2 c4 15. Bxa5 Qxa5 16. Nxc4 Qd8 {0-1 (35) Bezgodova,S (2253)-Ivakhinova,I (2216) Obninsk 2007}) 10... d5 11. Ncd2 Ne8 (11... dxe4 $17 12. Nxe4 Nd5) 12. h4 dxe4 13. Nxe4 Nf6 $2 (13... h6 $15) 14. Nxf6+ gxf6 {[%emt 0:00:53] [#]} 15. Bh6 $2 (15. Ng5 $1 $18 {[%mdl 512] and the rest is easy.} fxg5 16. hxg5) 15... Re8 $2 (15... f5 $16) 16. Nh2 f5 17. Nf3 Bf6 18. Ng5 e5 19. Bc4 $2 (19. Qh5 $11 Bxg5 20. Bxg5 exd4+ {[%mdl 64] Discovered Attack} 21. Kf1) 19... exd4+ 20. Kf1 Be6 ({Not} 20... dxc3 $2 21. Qh5 $18) 21. Bxe6 fxe6 22. Rh3 {[%emt 0:00:20] [#]} Ne5 $2 (22... Re7 $1 $19 23. Rg3 Kh8 24. cxd4 Qxd4 25. Qxd4 Nxd4) 23. Nxh7 $2 (23. Rg3 $1 $11 {and White has nothing to worry.} Ng4 24. Rxg4 fxg4 25. Qxg4) 23... Kxh7 24. Qh5 Ng4 25. Rg3 {[%emt 0:02:55] [#]} Qd7 $2 ({Better is} 25... Rh8 $1 $19 26. f3 Qe8 27. fxg4 Be5) 26. Rxg4 fxg4 27. Bg5+ Kg8 (27... Kg7 $11 28. Qh6+ {[%mdl 64] Double Attack} Kg8 29. Bxf6 Qh7 30. Qg5+ {[%mdl 64] Double Attack} Kf7 31. Bxd4 e5 32. Bxe5 Qg6 33. Qf4+ Kg8) 28. Bxf6 Qh7 29. Qxg4+ Kf7 $1 30. Bxd4 Qd3+ (30... Re7 $14) 31. Kg1 Rg8 $2 (31... e5 $16) 32. Qh5+ Qg6 33. Qf3+ {[%emt 0:00:04] Double Attack} Qf5 34. Qxb7+ {[%emt 0:00:13] Double Attack} Kg6 35. Rxa7 $2 (35. Ra6 Kh6 36. Be3+ (36. Bxa7 Rad8 $18) 36... Kh5 {[#]} 37. Rxe6 $1 ) 35... Rxa7 36. Qxa7 Kh5 {[%emt 0:01:22] [#]} (36... e5 {keeps fighting.}) 37. Qe7 $2 (37. f3 $1 $18) 37... Qb1+ $2 (37... Rxg2+ $1 $11 38. Kxg2 Qg4+ 39. Kf1 Qd1+ 40. Kg2 Qg4+ 41. Kh1 Qh3+ 42. Kg1 Qg4+ 43. Kh2 Qf4+ 44. Kh1 Qf3+ 45. Kg1 Qg4+ 46. Kf1 Qd1+ 47. Kg2 Qg4+) 38. Kh2 Qf5 39. g3 Kg4 40. Be3 Rb8 41. Qg5+ $2 ({White should play} 41. c4 $18) 41... Qxg5 42. Bxg5 Kf3 43. Be3 Rc8 $2 {[%emt 0:00:00] [#]} (43... e5 $11) 44. h5 $2 (44. Kh3 $1 $18) 44... Kg4 $1 45. h6 e5 $1 46. Bd2 Rd8 47. Be3 Rc8 48. Bd2 $11 1/2-1/2

[Event "94th Tradewise Hastings Congress"]
[Site "Hastings"]
[Date "2019.01.01"]
[Round "5"]
[White "Faulks, Nick"]
[Black "Miller, Dominic"]
[Result "0-1"]
[ECO "C18"]
[WhiteElo "1917"]
[BlackElo "2061"]
[Annotator "NA RC"]
[PlyCount "46"]
[EventDate "2018.12.28"]
[EventType "swiss"]
[EventCountry "ENG"]
[SourceTitle "playchess.com"]
[Source "ChessBase"]
[SourceQuality "1"]
[TimeControl "40/6000+30:3000+30"]

1. e4 e6 2. d4 d5 3. Nc3 Bb4 4. e5 Ne7 5. a3 Bxc3+ 6. bxc3 c5 7. h4 Qa5 8. Bd2 Qa4 9. h5 {[%emt 0:06:14] C18: French: 3 Nc3 Bb4: Main line: 7 h4 and 7 Qg4} b6 10. h6 gxh6 11. Nf3 Ba6 12. Bxa6 Nxa6 13. Rxh6 $146 ({Predecessor:} 13. Bxh6 cxd4 14. Nxd4 Rc8 15. Qf3 Nc5 16. Bg7 Rg8 17. Rxh7 {1-0 (33) Smirin,I (2644)-Berg,E (2549) Minsk 2014}) 13... cxd4 14. Nxd4 Nf5 (14... Nc5 $11 {keeps the balance.}) 15. Nxf5 exf5 16. Bg5 Qe4+ 17. Kf1 Nc7 $2 {[%emt 0:08:09] [#]} ({But not} 17... Rg8 $2 18. Qh5 $18) (17... Qc4+ $16 {was necessary.} 18. Kg1 Nc5) 18. Rh4 $1 Qxe5 19. Bf4 $2 (19. Qd3 $18 {is more deadly.} O-O 20. Bf4) 19... Qe7 20. Qh5 O-O-O 21. Re1 Ne6 22. Be5 ({White should play} 22. Bg3 $16) 22... Rhg8 $14 23. Qe2 Qxh4 0-1

[Event "94th Tradewise Hastings Congress"]
[Site "Hastings"]
[Date "2019.01.01"]
[Round "5"]
[White "Graham, Cassie M"]
[Black "Ratnesan, Ranesh"]
[Result "1/2-1/2"]
[ECO "B23"]
[WhiteElo "1889"]
[BlackElo "2055"]
[Annotator "NA RC"]
[PlyCount "90"]
[EventDate "2018.12.28"]
[EventType "swiss"]
[EventCountry "ENG"]
[SourceTitle "playchess.com"]
[Source "ChessBase"]
[SourceQuality "1"]
[TimeControl "40/6000+30:3000+30"]

1. e4 c5 2. Nc3 Nc6 3. f4 g6 4. Nf3 Bg7 5. Bc4 e6 6. f5 Nge7 7. fxe6 dxe6 8. d3 O-O 9. O-O Na5 10. Qe1 Nxc4 11. dxc4 Nc6 {[%emt 0:06:03] B23: Closed Sicilian: Lines without g3} 12. Bg5 f6 13. Be3 b6 14. Rd1 Qe7 15. Qg3 $146 ({Predecessor:} 15. Bf4 Rd8 16. Rxd8+ Qxd8 17. Qf2 Ba6 {½-½ (73) Kind,B (2170)-Wessendorf,T (2225) Germany 2015}) 15... Bb7 16. Bf4 e5 17. Nd5 Qf7 18. Bd2 Rad8 19. Qh4 Qe6 20. b3 Rd7 21. Rde1 Nd8 22. Bc3 Nf7 23. Qg3 {[%emt 0:01:24] [#]} b5 $1 24. h4 bxc4 (24... Nd6 $5 25. Nd2 Rdf7 $17) 25. bxc4 Ba6 26. Nd2 Nd6 27. h5 Nxc4 28. Nb3 $1 Qc6 29. hxg6 hxg6 30. Qxg6 Nb6 $1 31. Nxb6 Qxb6 32. Ba5 Qb5 33. c4 Qc6 34. Rc1 (34. Rf3 $11) 34... Rd3 ({Better is} 34... Rd6 $15 35. Qg4 Bc8) 35. Rf3 Rxf3 36. gxf3 Qa4 37. Bd2 Bxc4 38. Bh6 Rf7 39. Nxc5 Qb5 40. Nb3 Kf8 41. Be3 Rc7 {[%emt 0:09:49] [#]} 42. Qg2 $1 a6 (42... Kf7 $16 {keeps fighting.}) 43. Nd2 $18 Rc6 44. Nxc4 Rxc4 45. Rxc4 Qxc4 1/2-1/2

[Event "94th Tradewise Hastings Congress"]
[Site "Hastings"]
[Date "2019.01.01"]
[Round "5"]
[White "Wilson, Matthew R"]
[Black "Barton, R Alan"]
[Result "1/2-1/2"]
[ECO "B01"]
[WhiteElo "1807"]
[BlackElo "2037"]
[Annotator "NA RC"]
[PlyCount "82"]
[EventDate "2018.12.28"]
[EventType "swiss"]
[EventCountry "ENG"]
[SourceTitle "playchess.com"]
[Source "ChessBase"]
[SourceQuality "1"]
[TimeControl "40/6000+30:3000+30"]

1. e4 d5 2. exd5 Qxd5 3. Nc3 Qa5 4. Bc4 c6 5. d3 Nf6 6. Bd2 Qc7 7. Nf3 Bg4 {[%emt 0:02:24] B01: Scandinavian Defence} 8. h3 Bxf3 9. Qxf3 e6 10. O-O Nbd7 11. d4 Bd6 (11... Be7 12. Rfe1 O-O 13. Rad1 Rad8 14. Bf4 Qb6 15. Bb3 {1-0 (42) Mortensen,E (2450)-Schwarz,M (2485) Germany 2009}) 12. Rfe1 O-O 13. Ne4 Nxe4 14. Qxe4 $146 ({Predecessor:} 14. Rxe4) 14... Nf6 15. Qh4 Rfe8 16. Bd3 Qd8 17. Bg5 Be7 (17... h6 $11 {remains equal.} 18. Bxf6 Qxf6 19. Qxf6 gxf6) 18. Bxf6 Bxf6 19. Qh5 Kf8 20. Qxh7 Qa5 (20... Qxd4 $11 {keeps the balance.} 21. c3 Qd5) 21. c3 Rac8 22. Qe4 Rcd8 23. Bc2 Rd6 24. f4 (24. b4 $16 Qa3 25. Qf3) 24... c5 25. dxc5 Qxc5+ 26. Kh1 Red8 27. Rad1 Rxd1 28. Rxd1 Rxd1+ 29. Bxd1 Qf2 30. Bf3 g6 31. Qxb7 Kg7 32. Qb5 Qe3 33. Qc4 Qe1+ 34. Kh2 Bh4 35. Qd4+ Kh7 (35... Kg8 $5 36. Qg1 $8 Qg3+ 37. Kh1 Qxf4 $11) 36. Qg1 Qg3+ (36... Bg3+ $11 37. Kh1 Qd2) 37. Kh1 Qxf4 38. Qxa7 Qc1+ 39. Kh2 Qf4+ 40. Kh1 Qc1+ 41. Kh2 Qf4+ $11 1/2-1/2

[Event "94th Tradewise Hastings Congress"]
[Site "Hastings"]
[Date "2019.01.02"]
[Round "6"]
[White "Djuric, Stefan"]
[Black "Royset, Pal"]
[Result "1-0"]
[ECO "B50"]
[WhiteElo "2371"]
[BlackElo "2182"]
[Annotator "NA"]
[PlyCount "81"]
[EventDate "2018.12.28"]
[EventType "swiss"]
[EventCountry "ENG"]
[SourceTitle "playchess.com"]
[Source "ChessBase"]
[SourceQuality "1"]
[TimeControl "40/6000+30:3000+30"]

1. e4 c5 2. Nf3 d6 3. g3 Nf6 4. c3 Nc6 5. d3 g6 6. Bg2 Bg7 7. O-O O-O 8. Re1 e5 9. a3 b6 10. b4 Qd7 11. Bb2 Re8 12. Nbd2 Ba6 13. d4 exd4 14. cxd4 Nh5 15. Qa4 Bb7 16. Rab1 cxd4 17. Bxd4 Rad8 18. Bxg7 Kxg7 19. b5 Na5 20. Qd4+ Kg8 21. Qa1 Rc8 22. Nd4 Rc5 23. Rbd1 Qe7 24. a4 Rec8 25. N2b3 Nxb3 26. Nxb3 Rc3 27. Nd4 Qe5 28. a5 bxa5 29. Qxa5 Qc5 30. Qa1 Rc7 31. Qb2 Qb6 32. e5 dxe5 33. Rxe5 Nf6 34. Bxb7 Qxb7 35. h3 Qb6 36. Re2 Qd6 37. Kh2 h5 38. Qa1 h4 39. Ne6 hxg3+ 40. Kg2 Nh5 41. Rxd6 1-0

[Event "94th Tradewise Hastings Congress"]
[Site "Hastings"]
[Date "2019.01.02"]
[Round "6"]
[White "Derakhshani, Borna"]
[Black "Groffen, Hans"]
[Result "1-0"]
[ECO "D02"]
[WhiteElo "2325"]
[BlackElo "2120"]
[Annotator "NA"]
[PlyCount "55"]
[EventDate "2018.12.28"]
[EventType "swiss"]
[EventCountry "ENG"]
[SourceTitle "playchess.com"]
[Source "ChessBase"]
[SourceQuality "1"]
[TimeControl "40/6000+30:3000+30"]

1. d4 d5 2. Bf4 Nf6 3. Nf3 c5 4. e3 e6 5. c3 Bd6 6. Bg3 O-O 7. Nbd2 b6 8. Ne5 Ba6 9. Bxa6 Nxa6 10. Bh4 Nb8 11. f4 Be7 12. Bxf6 Bxf6 13. O-O Bxe5 14. fxe5 Qg5 15. Qe2 f5 16. exf6 Rxf6 17. Nf3 Qh5 18. Qb5 c4 19. Ne5 h6 20. e4 dxe4 21. Qxc4 Qe8 22. Qc7 Na6 23. Qb7 Qc8 24. Qxe4 Qe8 25. Rxf6 gxf6 26. Ng4 f5 27. Nxh6+ Kh7 28. Nxf5 1-0

[Event "94th Tradewise Hastings Congress"]
[Site "Hastings"]
[Date "2019.01.02"]
[Round "6"]
[White "Lyell, Mark"]
[Black "Midhun, P U"]
[Result "1-0"]
[ECO "C45"]
[WhiteElo "2317"]
[BlackElo "2010"]
[Annotator "NA"]
[PlyCount "91"]
[EventDate "2018.12.28"]
[EventType "swiss"]
[EventCountry "ENG"]
[SourceTitle "playchess.com"]
[Source "ChessBase"]
[SourceQuality "1"]
[TimeControl "40/6000+30:3000+30"]

1. e4 e5 2. Nf3 Nc6 3. d4 exd4 4. Nxd4 Nf6 5. Nxc6 bxc6 6. e5 Qe7 7. Qe2 Nd5 8. c4 Ba6 9. b3 g6 10. g3 Bg7 11. Bb2 O-O 12. Bg2 Nb6 13. O-O d5 14. f4 Qc5+ 15. Qf2 Qxf2+ 16. Rxf2 f6 17. c5 Nc8 18. exf6 Bxf6 19. Bxf6 Rxf6 20. Nd2 Re6 21. Nf3 Re3 22. Nd4 Bb7 23. f5 Ne7 24. f6 Nf5 25. Nxf5 gxf5 26. Rxf5 Kf7 27. Raf1 Ba6 28. R1f2 Re1+ 29. Bf1 Bd3 30. R5f4 Be4 31. h4 Rg8 32. Kh2 h5 33. Bg2 Re3 34. Bxe4 dxe4 35. Rd2 Rgxg3 36. Rd7+ Ke6 37. Re7+ Kd5 38. Rexe4 Rh3+ 39. Kg2 Reg3+ 40. Kf2 Rc3 41. Rd4+ Ke6 42. f7 Rc2+ 43. Kg1 Rg3+ 44. Kf1 Rh3 45. Rde4+ Kd5 46. Re2 1-0

[Event "94th Tradewise Hastings Congress"]
[Site "Hastings"]
[Date "2019.01.02"]
[Round "6"]
[White "Pitschka, Claus"]
[Black "Rayner, Francis"]
[Result "1/2-1/2"]
[ECO "D01"]
[WhiteElo "2241"]
[BlackElo "2048"]
[Annotator "NA"]
[PlyCount "89"]
[EventDate "2018.12.28"]
[EventType "swiss"]
[EventCountry "ENG"]
[SourceTitle "playchess.com"]
[Source "ChessBase"]
[SourceQuality "1"]
[TimeControl "40/6000+30:3000+30"]

1. d4 Nf6 2. Nc3 d5 3. Bg5 h6 4. Bxf6 exf6 5. e3 c6 6. g3 Bd6 7. Bg2 O-O 8. Nge2 Bf5 9. O-O Re8 10. Nf4 Bxf4 11. gxf4 Nd7 12. Kh1 Nb6 13. Ne2 Nc4 14. Ng3 Qd7 15. b3 Nd6 16. Rg1 Bg6 17. Bf3 Kh7 18. Bg4 f5 19. Bf3 Ne4 20. Kg2 Qe6 21. Qd3 Rad8 22. c4 Kh8 23. Rgd1 Bh7 24. Rac1 Rd7 25. cxd5 Rxd5 26. Qc2 g5 27. Bxe4 fxe4 28. fxg5 hxg5 29. Qd2 Bg6 30. Rh1 Qg4 31. h3 Qh4 32. Rhf1 f5 33. f4 exf3+ 34. Rxf3 f4 35. exf4 Be4 36. Nxe4 Rxe4 37. Qf2 Qxf2+ 38. Rxf2 gxf4 39. Kf3 Rdxd4 40. Kg4 f3+ 41. Kg3 Re2 42. Rc2 Rd3 43. Kf4 Rxc2 44. Rxc2 f2 45. Ke4 1/2-1/2

[Event "94th Tradewise Hastings Congress"]
[Site "Hastings"]
[Date "2019.01.02"]
[Round "6"]
[White "Moore, Graham J"]
[Black "Sulskis, Sarunas"]
[Result "0-1"]
[ECO "C00"]
[WhiteElo "2235"]
[BlackElo "2525"]
[Annotator "ChessBase"]
[PlyCount "54"]
[EventDate "2018.12.28"]
[EventType "swiss"]
[EventCountry "ENG"]
[SourceTitle "playchess.com"]
[Source "ChessBase"]
[SourceQuality "1"]
[TimeControl "40/6000+30:3000+30"]

1. e4 e6 2. d3 d5 3. Nd2 Nc6 4. Ngf3 Nf6 5. e5 Nd7 6. d4 f6 7. Bb5 fxe5 8. dxe5 Be7 9. Qe2 O-O 10. Nb3 Qe8 11. O-O Nd8 12. Ne1 a6 13. Bd3 c5 14. c4 b5 15. cxd5 exd5 16. Bb1 c4 17. Nd4 Bc5 18. Ndf3 Ne6 19. b3 Bb7 20. bxc4 bxc4 21. a4 Rc8 22. Ba3 Ba8 23. Bxc5 Ndxc5 24. Nc2 Nf4 25. Qe3 Nxg2 26. Qg5 Nf4 27. Ncd4 Nh3+ 0-1

[Event "94th Tradewise Hastings Congress"]
[Site "Hastings"]
[Date "2019.01.02"]
[Round "6"]
[White "Villiers, Thomas"]
[Black "Barton, R Alan"]
[Result "1-0"]
[ECO "A42"]
[WhiteElo "2205"]
[BlackElo "2037"]
[Annotator "NA"]
[PlyCount "73"]
[EventDate "2018.12.28"]
[EventType "swiss"]
[EventCountry "ENG"]
[SourceTitle "playchess.com"]
[Source "ChessBase"]
[SourceQuality "1"]
[TimeControl "40/6000+30:3000+30"]

1. d4 d6 2. e4 g6 3. f4 c6 4. c4 Bg7 5. Nc3 Na6 6. Be3 Nf6 7. Nf3 Bg4 8. h3 Bd7 9. e5 Nh5 10. Kf2 f5 11. Rg1 dxe5 12. dxe5 Bf8 13. Qb3 Qc7 14. Be2 Ng7 15. Rac1 Ne6 16. Rgd1 Nac5 17. Qa3 b6 18. b4 Ne4+ 19. Nxe4 fxe4 20. Nd2 Bh6 21. g3 O-O 22. Nxe4 g5 23. Bf3 gxf4 24. gxf4 Nxf4 25. Rg1+ Kh8 26. e6 Nxh3+ 27. Ke2 Nxg1+ 28. Rxg1 Rxf3 29. Qc3+ Rf6 30. Nxf6 Qh2+ 31. Bf2 Qxg1 32. Bxg1 Bxe6 33. Nh5+ Kg8 34. Qg3+ Kf8 35. Qf3+ Bf7 36. Qxc6 Bxh5+ 37. Kf1 1-0

[Event "94th Tradewise Hastings Congress"]
[Site "Hastings"]
[Date "2019.01.02"]
[Round "6"]
[White "Sumit, Kumar"]
[Black "Spanton, Tim R"]
[Result "1-0"]
[ECO "C54"]
[WhiteElo "2179"]
[BlackElo "1954"]
[Annotator "NA"]
[PlyCount "51"]
[EventDate "2018.12.28"]
[EventType "swiss"]
[EventCountry "ENG"]
[SourceTitle "playchess.com"]
[Source "ChessBase"]
[SourceQuality "1"]
[TimeControl "40/6000+30:3000+30"]

1. e4 e5 2. Nf3 Nc6 3. Bc4 Bc5 4. O-O d6 5. c3 Nf6 6. d3 a6 7. Bb3 Ba7 8. Nbd2 O-O 9. h3 Qe7 10. Re1 Be6 11. Bc2 Rad8 12. Nf1 h6 13. Ng3 Rfe8 14. Qe2 d5 15. Nh4 dxe4 16. dxe4 Qd7 17. Qf3 Ne7 18. Bxh6 Bxh3 19. Bxg7 Kxg7 20. gxh3 Rh8 21. Nhf5+ Nxf5 22. Nxf5+ Kf8 23. Rad1 Qe8 24. Bb3 Rxd1 25. Rxd1 Nh5 26. Bxf7 1-0

[Event "94th Tradewise Hastings Congress"]
[Site "Hastings"]
[Date "2019.01.02"]
[Round "6"]
[White "Byron, Alan M"]
[Black "Larsen, Andreas"]
[Result "1-0"]
[ECO "B01"]
[WhiteElo "2157"]
[BlackElo "1933"]
[Annotator "NA"]
[PlyCount "59"]
[EventDate "2018.12.28"]
[EventType "swiss"]
[EventCountry "ENG"]
[SourceTitle "playchess.com"]
[Source "ChessBase"]
[SourceQuality "1"]
[TimeControl "40/6000+30:3000+30"]

1. e4 d5 2. exd5 Nf6 3. d4 Nxd5 4. Nf3 Qd6 5. c4 Nf6 6. Nc3 c6 7. Be2 g6 8. O-O Bg7 9. Bg5 O-O 10. Qd2 Re8 11. Bh6 b6 12. Bf4 Qd8 13. Ne5 Bf5 14. Bf3 Nh5 15. Nxc6 Nxc6 16. Bxc6 Nxf4 17. Qxf4 Bxd4 18. Bxe8 e5 19. Bxf7+ Kxf7 20. Qf3 Kg7 21. Rad1 Rc8 22. b3 Qe7 23. Rfe1 Qa3 24. Nb5 Qb4 25. Qd5 Bc5 26. Qxe5+ Kh6 27. Nd6 Rf8 28. Qf4+ Kg7 29. Re7+ Kg8 30. Qh6 1-0

[Event "94th Tradewise Hastings Congress"]
[Site "Hastings"]
[Date "2019.01.02"]
[Round "6"]
[White "Spiegel, Stefan"]
[Black "Bates, Richard A"]
[Result "0-1"]
[ECO "B20"]
[WhiteElo "2124"]
[BlackElo "2372"]
[Annotator "NA"]
[PlyCount "56"]
[EventDate "2018.12.28"]
[EventType "swiss"]
[EventCountry "ENG"]
[SourceTitle "playchess.com"]
[Source "ChessBase"]
[SourceQuality "1"]
[TimeControl "40/6000+30:3000+30"]

1. e4 c5 2. Be2 Nc6 3. f4 g6 4. Nf3 Bg7 5. d3 d6 6. O-O Nh6 7. Qe1 f5 8. c3 O-O 9. Na3 Kh8 10. h3 e5 11. fxe5 Nxe5 12. Nxe5 dxe5 13. exf5 gxf5 14. Be3 Qe7 15. Bf3 f4 16. Bf2 Bf5 17. Rd1 Rae8 18. Nc4 b5 19. Na5 c4 20. Be4 Qg5 21. Bxf5 Qxf5 22. dxc4 e4 23. Bd4 Bxd4+ 24. Rxd4 Rg8 25. Qh4 Qg6 26. Rd2 f3 27. g4 e3 28. Rd5 f2+ 0-1

[Event "94th Tradewise Hastings Congress"]
[Site "Hastings"]
[Date "2019.01.02"]
[Round "6"]
[White "Taylor, Adam A"]
[Black "Wilson, Matthew R"]
[Result "1-0"]
[ECO "A13"]
[WhiteElo "2122"]
[BlackElo "1807"]
[Annotator "NA"]
[PlyCount "67"]
[EventDate "2018.12.28"]
[EventType "swiss"]
[EventCountry "ENG"]
[SourceTitle "playchess.com"]
[Source "ChessBase"]
[SourceQuality "1"]
[TimeControl "40/6000+30:3000+30"]

1. Nf3 d5 2. g3 Nf6 3. Bg2 e6 4. O-O Be7 5. c4 dxc4 6. Qa4+ c6 7. Qxc4 b5 8. Qc2 Bb7 9. d4 Nbd7 10. Nbd2 c5 11. dxc5 Bxc5 12. Nb3 Bb6 13. Rd1 Be4 14. Qc3 Qe7 15. Bf4 b4 16. Qc4 Bd5 17. Qb5 a6 18. Qd3 e5 19. Bg5 Bxb3 20. Qxb3 O-O 21. e3 Rad8 22. Nh4 g6 23. Bh3 Kg7 24. Bxd7 Rxd7 25. Rxd7 Qxd7 26. Qxb4 Nd5 27. Bh6+ Kxh6 28. Qxf8+ Kh5 29. Qg7 Kg4 30. Qxe5 g5 31. h3+ Kxh3 32. Qxg5 Ne7 33. Ng2 Qd5 34. Nf4# 1-0

[Event "94th Tradewise Hastings Congress"]
[Site "Hastings"]
[Date "2019.01.02"]
[Round "6"]
[White "Snape, Ian L"]
[Black "Fowler, David"]
[Result "1-0"]
[ECO "D46"]
[WhiteElo "2112"]
[BlackElo "1929"]
[Annotator "NA"]
[PlyCount "40"]
[EventDate "2018.12.28"]
[EventType "swiss"]
[EventCountry "ENG"]
[SourceTitle "playchess.com"]
[Source "ChessBase"]
[SourceQuality "1"]
[TimeControl "40/6000+30:3000+30"]

1. c4 c6 2. d4 d5 3. Nf3 Nf6 4. e3 e6 5. Nc3 Nbd7 6. Qc2 Bd6 7. Bd3 dxc4 8. Bxc4 O-O 9. O-O e5 10. Rd1 Qe7 11. Bb3 e4 12. Nd2 Re8 13. f3 exf3 14. Nxf3 Nb6 15. e4 Nxe4 16. Re1 Bf5 17. Bg5 Nxg5 18. Qxf5 Nxf3+ 19. Qxf3 Qxe1+ {[%emt 0:08:07] Rc1 [%emt 00:00:05] Qd1+ Rxd1 [%clk 00:29:30]} 20. Rxe1 Rxe1+ 1-0

[Event "94th Tradewise Hastings Congress"]
[Site "Hastings"]
[Date "2019.01.02"]
[Round "6"]
[White "White, Stuart A"]
[Black "Faulks, Nick"]
[Result "1/2-1/2"]
[ECO "A34"]
[WhiteElo "2096"]
[BlackElo "1917"]
[Annotator "NA"]
[PlyCount "117"]
[EventDate "2018.12.28"]
[EventType "swiss"]
[EventCountry "ENG"]
[SourceTitle "playchess.com"]
[Source "ChessBase"]
[SourceQuality "1"]
[TimeControl "40/6000+30:3000+30"]

1. Nf3 Nf6 2. c4 c5 3. Nc3 d5 4. cxd5 Nxd5 5. g3 Nc7 6. Bg2 Nc6 7. O-O e5 8. d3 Be7 9. Be3 O-O 10. Rc1 Ne6 11. Na4 Qa5 12. a3 Rb8 13. Nd2 Bd7 14. Nc4 Qc7 15. Nc3 f6 16. Nd5 Qd8 17. Bd2 b5 18. Nce3 f5 19. f4 exf4 20. gxf4 Bh4 21. b4 cxb4 22. axb4 Ncd4 23. Ra1 Qe8 24. Rxa7 Rd8 25. Be1 Bxe1 26. Qxe1 Qh5 27. Kh1 Kh8 28. Nc3 Rf6 29. Ned5 Rh6 30. Qg3 Nxe2 31. Nxe2 Qxe2 32. Re1 Qd2 33. Qe3 Qxe3 34. Rxe3 Bc6 35. Re5 Rg6 36. Rxf5 Rxg2 37. Kxg2 Bxd5+ 38. Kf2 Kg8 39. Ke3 Rf8 40. Rxf8+ Kxf8 41. f5 Ng5 42. Kd4 Bc6 43. Kc5 Be8 44. d4 Ne4+ 45. Kd5 Ng5 46. Kd6 Nf3 47. d5 Nxh2 48. f6 gxf6 49. Rxh7 Nf3 50. Kc7 Ne5 51. d6 Kg8 52. Re7 Kf8 53. Rh7 Kg8 54. Rh4 Kg7 55. Kd8 Bc6 56. Kc7 Kf7 57. Rh5 Be8 58. Rh7+ Kf8 59. Kc8 1/2-1/2

[Event "94th Tradewise Hastings Congress"]
[Site "Hastings"]
[Date "2019.01.02"]
[Round "6"]
[White "Willson, Ollie"]
[Black "Song, Jinwoo"]
[Result "1-0"]
[ECO "A52"]
[WhiteElo "2081"]
[BlackElo "1907"]
[Annotator "NA"]
[PlyCount "49"]
[EventDate "2018.12.28"]
[EventType "swiss"]
[EventCountry "ENG"]
[SourceTitle "playchess.com"]
[Source "ChessBase"]
[SourceQuality "1"]
[TimeControl "40/6000+30:3000+30"]

1. d4 Nf6 2. c4 e5 3. dxe5 Ng4 4. Bf4 Bb4+ 5. Nd2 Nc6 6. Ngf3 Qe7 7. e3 Ngxe5 8. Nxe5 Nxe5 9. a3 Bd6 10. Ne4 Nxc4 11. Nxd6+ Nxd6 12. Rc1 g5 13. Bg3 Ne4 14. Qd4 O-O 15. Rxc7 Re8 16. Bd3 b6 17. O-O h5 18. Qd5 Nxg3 19. hxg3 Qe5 20. Qxe5 Rxe5 21. Rfc1 Re8 22. Bb5 Rd8 23. Rd1 d5 24. Bc6 Bg4 25. Rxd5 1-0

[Event "94th Tradewise Hastings Congress"]
[Site "Hastings"]
[Date "2019.01.02"]
[Round "6"]
[White "Brown, Thomas"]
[Black "Chapman, Matt"]
[Result "1/2-1/2"]
[ECO "A11"]
[WhiteElo "2068"]
[BlackElo "1902"]
[Annotator "NA"]
[PlyCount "55"]
[EventDate "2018.12.28"]
[EventType "swiss"]
[EventCountry "ENG"]
[SourceTitle "playchess.com"]
[Source "ChessBase"]
[SourceQuality "1"]
[TimeControl "40/6000+30:3000+30"]

1. Nf3 d5 2. e3 Nf6 3. c4 c6 4. Nc3 a6 5. b3 Bf5 6. Bb2 e6 7. d4 Be7 8. Bd3 Bxd3 9. Qxd3 c5 10. dxc5 Nc6 11. cxd5 Nb4 12. Qd2 Nbxd5 13. Nxd5 Qxd5 14. Bxf6 Qxd2+ 15. Kxd2 Bxf6 16. Rac1 Kd7 17. Ke2 Rhd8 18. Rc4 Kc6 19. g4 h6 20. h4 Rd5 21. g5 hxg5 22. hxg5 Bb2 23. Rb1 Ba3 24. b4 a5 25. e4 Rdd8 26. b5+ Kd7 27. Rb3 Bb4 28. a3 {[%emt 0:00:12] Kd6 [%clk 00:50:00] [%emt 00:00:34]} 1/2-1/2

[Event "94th Tradewise Hastings Congress"]
[Site "Hastings"]
[Date "2019.01.02"]
[Round "6"]
[White "Miller, Dominic"]
[Black "Taylor, Adam C"]
[Result "0-1"]
[ECO "C67"]
[WhiteElo "2061"]
[BlackElo "2331"]
[Annotator "NA"]
[PlyCount "108"]
[EventDate "2018.12.28"]
[EventType "swiss"]
[EventCountry "ENG"]
[SourceTitle "playchess.com"]
[Source "ChessBase"]
[SourceQuality "1"]
[TimeControl "40/6000+30:3000+30"]

1. e4 e5 2. Nf3 Nc6 3. Bb5 Nf6 4. O-O Nxe4 5. Re1 Nd6 6. Nxe5 Be7 7. Bf1 Nf5 8. c3 Nxe5 9. Rxe5 d6 10. Re1 O-O 11. d4 Bg5 12. Nd2 a5 13. a4 Re8 14. Nf3 Rxe1 15. Qxe1 Bxc1 16. Qxc1 Bd7 17. Qf4 g6 18. Bc4 Kg7 19. Re1 Bc6 20. Bd3 Qf6 21. Bb5 Bd5 22. h3 h5 23. Ng5 Nh6 24. Qxf6+ Kxf6 25. Ne4+ Kg7 26. Nd2 Nf5 27. f3 h4 28. Kf2 Rd8 29. Bc4 Bc6 30. Bb5 Bxb5 31. axb5 d5 32. Nb3 b6 33. Nd2 Nd6 34. Re5 Nxb5 35. Ke3 Nd6 36. Kf4 Nf5 37. Nf1 f6 38. Re1 Kf7 39. Kg4 Rh8 40. f4 Nd6 41. Nd2 Ne4 42. Nxe4 f5+ 43. Kf3 dxe4+ 44. Ke3 Rg8 45. Re2 b5 46. d5 Ke7 47. Kd4 Kd6 48. b3 c5+ 49. dxc6 Kxc6 50. Ke5 Rd8 51. c4 bxc4 52. bxc4 Kc5 53. Ra2 e3 54. Rxa5+ Kxc4 {[%emt 0:00:00] Kd4+} 0-1

[Event "94th Tradewise Hastings Congress"]
[Site "Hastings"]
[Date "2019.01.02"]
[Round "6"]
[White "Nettleton, Charlie B"]
[Black "Kalavannan, Koby"]
[Result "0-1"]
[ECO "A45"]
[WhiteElo "2059"]
[BlackElo "2328"]
[Annotator "NA"]
[PlyCount "54"]
[EventDate "2018.12.28"]
[EventType "swiss"]
[EventCountry "ENG"]
[SourceTitle "playchess.com"]
[Source "ChessBase"]
[SourceQuality "1"]
[TimeControl "40/6000+30:3000+30"]

1. d4 Nf6 2. Bg5 Ne4 3. h4 c5 4. dxc5 Nc6 5. Qd5 Nxg5 6. hxg5 e6 7. Qd3 Qxg5 8. Nc3 Qxc5 9. Nf3 d5 10. e4 dxe4 11. Nxe4 Qb4+ 12. c3 Qxb2 13. Rd1 Be7 14. Be2 h6 15. Rh5 f5 16. Nd4 fxe4 17. Qxe4 Qxc3+ 18. Kf1 Nxd4 19. Rxd4 O-O 20. Bd3 Qc1+ 21. Ke2 Qb2+ 22. Bc2 Rf5 23. g4 Rxh5 24. Qh7+ Kf8 25. Rf4+ Rf5 26. Qh8+ Kf7 27. Rxf5+ exf5 0-1